 Dungeon Crawl Stone Soup version 0.21-a0-437-ge5bf024 (webtiles) character file.

2 roguesci the Ducker (level 1, 0/18 HPs)
             Began as a Kobold Skald on Nov 9, 2017.
             Slain by a dart slug (1 damage)
             ... on level 1 of the Dungeon.
             The game lasted 00:01:07 (160 turns).

roguesci the Ducker (Kobold Skald)                   Turns: 160, Time: 00:01:08

Health: 0/18       AC: 20    Str:  8    XL:     1   Next: 33%
Magic:  3/3        EV:  3    Int: 14    God:
Gold:   26         SH:  0    Dex: 14    Spells: 3/4 levels left

rFire    . . .     SeeInvis .   a - +0 mace
rCold    . . .     Gourm    .   (shield restricted)
rNeg     + + +     Faith    .   (armour currently unavailable)
rPois    +         Spirit   .   (helmet currently unavailable)
rElec    .         Reflect  .   (cloak currently unavailable)
rCorr    .         Harm     .   (gloves currently unavailable)
MR       .....     NoTele   +   (boots currently unavailable)
Stlth    +.........             (no amulet)
HPRegen  0.06/turn              (no ring)
MPRegen  0.08/turn              (no ring)

@: tree-form
A: carnivore 3
a: no special abilities


You were on level 1 of the Dungeon.
You were not hungry.
You were a tree.
You visited 1 branch of the dungeon, and saw 1 of its levels.

You collected 26 gold pieces.

Inventory:

Hand Weapons
 a - a +0 mace (weapon)
Armour
 b - a +0 leather armour (melded)
Scrolls
 e - a scroll of magic mapping {unknown}
 f - a scroll of amnesia {unknown}
 h - a scroll of remove curse {unknown}
 i - a scroll of noise {unknown}
 j - a scroll of identify {unknown}
Books
 c - a book of Battle

   Spells                             Type                      Level
   a - Infusion                       Charms                       1
   b - Shroud of Golubria             Charms/Translocation         2
   c - Song of Slaying                Charms                       2
   d - Spectral Weapon                Hexes/Charms                 3
   e - Regeneration                   Charms/Necromancy            3
Comestibles
 d - a meat ration


   Skills:
 * Level 2.2 Fighting
 + Level 1.7 Maces & Flails
 + Level 0.7 Armour
 * Level 2.4 Dodging
 + Level 0.1 Stealth
 * Level 2.2 Spellcasting
 + Level 2.4 Charms


You had 3 spell levels left.
You knew the following spells:

 Your Spells              Type           Power        Failure   Level  Hunger
a - Infusion              Chrm           #...         9%          1    #......


Dungeon Overview and Level Annotations

Branches:
Dungeon (1/15)

Altars:


Innate Abilities, Weirdness & Mutations

You are small and have problems with some larger weapons.
You are carnivorous and can eat meat at any time.


Message History

Your +0 leather armour melds into your body.
Your roots penetrate the ground.
The bat hits you but does no damage.
You are too injured to fight recklessly!
You are too injured to fight recklessly!
You closely miss the bat.
The bat is moderately wounded.
The bat hits you but does no damage. The bat barely misses you. x2
You hit the bat.
The bat is severely wounded.
The bat hits you but does no damage. x2
You hit the dart slug.
The dart slug is moderately wounded.
The bat hits you but does no damage.
The dart slug bites you but does no damage.
The bat barely misses you.
You hit the dart slug.
The dart slug is heavily wounded.
The bat barely misses you. The bat hits you but does no damage.
The dart slug bites you.
You die...

#.#.# ##...
#.#.# #...
#.#.# #...
#.#.#
#####...
#.#.#
#.......
#.#.#
#.......
#.#
##.......
####+####.#
...........
#....w♣...#
##########.
#...b.#####
!....(..
#.....
########
#..... #
#..... #
###### # #
# #


You could see a dart slug and a bat.

Vanquished Creatures
  A frilled lizard (D:1)
  2 rats (D:1)
3 creatures vanquished.

Notes
Turn   | Place    | Note
-------+----------+-------------------------------------------
     0 | D:1      | roguesci the Kobold Skald began the quest for the Orb.
     0 | D:1      | Reached XP level 1. HP: 12/12 MP: 3/3
   160 | D:1      | Slain by a dart slug

Vault maps used:
D:1:      saegor_arrival_simple_b

Action                   || total
-------------------------++-------
Melee: Mace              ||    11
  Use: Potion            ||     1
Armor: Skin              ||     7
       Leather armour    ||     4
Dodge: Dodged            ||    10

Table legend:
 A = Spawn XP
 B = Non-spawn XP
 C = Spawn XP percentage of total XP
 D = Spawn monster count
 E = Non-spawn monster count
 F = Spawn count percentage of total count
 G = Total turns spent on level
                    A         B        C        D         E        F      G
               +---------+---------+-------+---------+---------+-------+---------
         Total |       0 |       3 |   0.0 |       0 |       3 |   0.0 |   160
               +---------+---------+-------+---------+---------+-------+---------
           D:1 |       0 |       3 |   0.0 |       0 |       3 |   0.0 |   160
               +---------+---------+-------+---------+---------+-------+---------
